 Dungeon Crawl Stone Soup version 0.31-a0-1074-g0b22e4e0f1 (webtiles) character file.

Game seed: 9709177856861348537

331036 Dirtsage the Fencer (level 20, -1/163 HPs)
             Began as a Demonspawn Monk on Nov 25, 2023.
             Was the Champion of Wu Jian.
             Slain by a war gargoyle
             ... wielding a +0 morningstar
             ... led by a peacekeeper
              (27 damage)
             ... on level 2 of the Vaults on Nov 26, 2023.
             The game lasted 02:32:16 (41830 turns).

Dirtsage the Fencer (Demonspawn Monk)              Turns: 41830, Time: 02:32:17

Health: -1/163     AC: 24    Str: 14    XL:     20   Next: 86%
Magic:  31/31      EV: 18    Int: 22    God:    Wu Jian [******]
Gold:   1633       SH: 21    Dex: 19    Spells: 28/34 levels left

rFire   + + .        b - +4 scimitar (flame)
rCold   + + +        L - +2 kite shield {rC+}
rNeg    . . .        f - +2 scale mail {rF+}
rPois   .            (helmet unavailable)
rElec   +            I - +0 cloak of the Eleven Thickets {rF+ Int+9 Dex-2 Stlth+}
rCorr   .            S - +1 pair of gloves of Weirdness {rElec rC+ SInv}
SInv    +            M - +2 pair of slick slippers {slick, slippery, EV+4}
Will    ++...        e - amulet of reflection
Stlth   +            i - ring of Bodily Harmony {rC+ Will+}
HPRegen 0.47/turn    R - +4 ring of protection
MPRegen 0.22/turn

%: reflection
@: lethally poisoned (-1 -> -2), about to teleport, wereblooded, spiked,
studying Necromancy
A: horns 3, icy blue scales 3, powered by death 1, demonic magic 3
}: 2/15 runes: serpentine, barnacled
a: Renounce Religion, Wall Jump, Serpent's Lash, Heavenly Storm


You were on level 2 of the Vaults.
You worshipped Wu Jian.
Wu Jian was exalted by your worship.
You visited 8 branches of the dungeon, and saw 36 of its levels.
You visited the Abyss 1 time.
You visited 1 bazaar.
You also visited: Ossuary and Ice Cave.

You collected 5070 gold pieces.
You spent 3437 gold pieces at shops.

Inventory:

Hand Weapons
 b - a +4 scimitar of flaming (weapon)
 J - a +2 heavy double sword
Armour
 f - a +2 scale mail of fire resistance (worn)
 p - a scarf of repulsion
 I - the +0 cloak of the Eleven Thickets (worn) {rF+ Int+9 Dex-2 Stlth+}
   (You found it on level 13 of the Dungeon)

   Int+9:     It affects your intelligence (+9).
   Dex-2:     It affects your dexterity (-2).
   rF+:       It protects you from fire.
   Stlth+:    It makes you more stealthy.
 L - a +2 kite shield of cold resistance (worn)
 M - the +2 pair of slick slippers (worn) {slick, slippery, EV+4}
   (You found it on level 1 of the Elven Halls)

   Slick:     Its wearer cannot be constricted, engulfed, netted or webbed.
   Slippery:  Its wearer slips away from damaging melee attacks, pulling the
   attacker onward.
   EV+4:      It affects your evasion (+4).
 S - the +1 pair of gloves of Weirdness (worn) {rElec rC+ SInv}
   (You acquired it on level 3 of the Elven Halls)

   rC+:       It protects you from cold.
   rElec:     It insulates you from electricity.
   SInv:      It lets you see invisible.
Jewellery
 e - an amulet of reflection (around neck)
 i - the ring of Bodily Harmony (left hand) {rC+ Will+}
   (You took it off a merfolk impaler on level 2 of the Shoals)

   [ring of protection from cold]

   rC+:       It protects you from cold.
   Will+:     It increases your willpower.
 v - the amulet of the Ego {Faith rPois Str+4}
   (You found it on level 13 of the Dungeon)

   [amulet of faith]

   Faith:     It allows you to gain divine favour quickly.
   Str+4:     It affects your strength (+4).
   rPois:     It protects you from poison
 y - the ring of Lugonu's Wrath {Ice rN+ Str+6}
   (You bought it in a shop in a bazaar)

   [ring of ice]

   Ice:       It enhances your ice magic.
   Str+6:     It affects your strength (+6).
   rF-:       It makes you vulnerable to fire.
   rC+:       It protects you from cold.
   rN+:       It protects you from negative energy.
 C - a ring of resist corrosion
 G - the ring "Lofag" {Fly rF+ Int-2 Dex+2}
   (You bought it in a shop on level 3 of the Shoals)

   [ring of flight]

   Int-2:     It affects your intelligence (-2).
   Dex+2:     It affects your dexterity (+2).
   rF+:       It protects you from fire.
   Fly:       It grants you flight.
 N - a ring of positive energy
 R - a +4 ring of protection (right hand)
Wands
 s - a wand of light (14)
 D - a wand of digging (13)
 O - a wand of roots (5)
 P - a wand of flame (46) (quivered)
Scrolls
 g - a scroll of fear
 k - 5 scrolls of fog
 r - 6 scrolls of enchant armour
 t - 16 scrolls of teleportation
 x - 7 scrolls of immolation
 A - 8 scrolls of enchant weapon
 B - 7 scrolls of blinking
 Q - 3 scrolls of poison
 T - 2 scrolls of butterflies
 W - 2 scrolls of brand weapon
 X - 7 scrolls of revelation
Potions
 c - 2 potions of ambrosia
 d - 3 potions of might
 h - 10 potions of haste
 j - 6 potions of attraction
 l - 7 potions of heal wounds
 m - 5 potions of cancellation
 n - a potion of resistance
 o - 4 potions of magic
 q - 18 potions of curing
 u - 6 potions of enlightenment
 z - 6 potions of lignification
 E - 4 potions of brilliance
 H - 8 potions of mutation
 K - 3 potions of berserk rage
 Y - 3 potions of invisibility
Miscellaneous
 a - a phantom mirror
 w - a lightning rod (4/4)
 V - a condenser vane


   Skills:
 + Level 15.4 Fighting
 * Level 15.9 Long Blades
 - Level 9.0 Armour
 + Level 11.3 Dodging
 + Level 14.6 Shields
 - Level 7.8 Spellcasting
 + Level 10.5 Translocations
 - Level 10.0 Transmutations
 + Level 10.5 Air Magic
 * Level 10.5 Shapeshifting


You had 28 spell levels left.
You knew the following spells:

 Your Spells              Type           Power      Damage    Failure   Level
a - Wereblood             Tmut           51%        N/A       1%          2
b - Vhi's Electric Charg  Tloc/Air       100%       N/A       6%          4

Your spell library contained the following spells:

 Spells                   Type           Power      Damage    Failure   Level
 Apportation              Tloc           100%       N/A       1%          1
 Blink                    Tloc           100%       N/A       1%          2
 Lesser Beckoning         Tloc           100%       N/A       1%          2
 Gell's Gravitas          Tloc           53%        N/A       1%          3
 Swiftness                Air            53%        N/A       1%          3
 Teleport Other           Tloc           53%        N/A       1%          3
 Shock                    Conj/Air       100%       1d9       5%          1
 Sting                    Tmut/Pois      100%       1d8       6%          1
 Momentum Strike          Conj/Tloc      62%        3d9       9%          2
 Passwall                 Tmut/Erth      25%        N/A       9%          2
 Poisonous Vapours        Pois/Air       62%        N/A       9%          2
 Mephitic Cloud           Conj/Pois/Air  24%        N/A       32%         3
 Ignite Poison            Fire/Tmut/Pois 23%        N/A       34%         3
 Freeze                   Ice            32%        1d5       43%         1
 Magic Dart               Conj           32%        1d4       43%         1
 Necrotise                Necr           32%        1d5       43%         1
 Dimensional Bullseye     Hex/Tloc       15%        N/A       47%         4
 Petrify                  Tmut/Erth      30%        N/A       52%         4
 Call Imp                 Summ           16%        N/A       56%         2
 Ensorcelled Hibernation  Hex/Ice        16%        N/A       56%         2
 Jinxbite                 Hex            16%        N/A       56%         2
 Dispersal                Tloc           26%        N/A       67%         6
 Call Canine Familiar     Summ           8%         N/A       80%         3
 Inner Flame              Hex/Fire       8%         N/A       80%         3
 Sigil of Binding         Hex            8%         N/A       80%         3
 Vampiric Draining        Necr           8%         2d6       80%         3
 Arcjolt                  Conj/Air       15%        1d25      83%         5
 Summon Forest            Summ/Tloc      15%        N/A       83%         5
 Alistair's Intoxication  Tmut/Pois      20%        N/A       86%         5
 Irradiate                Conj/Tmut      15%        3d16      86%         5
 Flame Wave               Conj/Fire      8%         2d5       99%         4
 Leda's Liquefaction      Hex/Erth       4%         N/A       99%         4
 Olgreb's Toxic Radiance  Pois           8%         N/A       99%         4
 Sticky Flame             Conj/Fire      8%         2d3       99%         4
 Agony                    Necr           8%         N/A       100%        5
 Lee's Rapid Deconstruct  Erth           4%         3d5*      100%        5
 Summon Mana Viper        Hex/Summ       8%         N/A       100%        5
 Bombard                  Conj/Erth      4%         9d2       100%        6
 Eringya's Noxious Bog    Tmut/Pois      15%        4d6       100%        6
 Plasma Beam              Fire/Air       15%        2x1d27    100%        6
 Summon Cactus Giant      Summ           4%         N/A       100%        6
 Malign Gateway           Summ/Tloc      15%        N/A       100%        7
 Summon Hydra             Summ           4%         N/A       100%        7
 Ignition                 Fire           4%         3d4       100%        8
 Summon Horrible Things   Summ           4%         N/A       100%        8


Dungeon Overview and Level Annotations

Branches:
Dungeon (15/15)            Temple (1/1) D:4            Lair (5/5) D:11
 Shoals (4/4) Lair:2        Snake (4/4) Lair:2        Slime (0/5) Lair:5
    Orc (2/2) D:12            Elf (3/3) Orc:2        Vaults (2/5) D:14
 Depths (0/4) D:15        Ossuary (visited)           IceCv (visited)
  Crypt: Vaults:2-3

Altars:
Ashenzari
Cheibriados
Dithmenos
Fedhas
Gozag
Hepliaklqana
Kikubaaqudgha
Makhleb
Nemelex Xobeh
Okawaru
Qazlal
Ru
Sif Muna
Trog
Uskayaw
Vehumet
Wu Jian
Xom
Yredelemnul
Jiyva

Shops:
D:6 [   D:7 :   Orc:1 =(   Orc:2 ([([   Elf:2 [   Elf:3 [=*?   Shoals:3 (*
Snake:1 :(


Innate Abilities, Weirdness & Mutations

You have a pair of large horns on your head.
You are completely covered in icy blue scales. (AC +4, rC+)
You regenerate a little health from kills.
Spells you cast and wands you use may paralyse nearby enemies.


Message History

You hit the war gargoyle but do no damage.
You headbutt the war gargoyle!
The war gargoyle is severely damaged.
You feel sick.
The peacekeeper hurls a volley of spikes at you.
The volley of spikes hits you.
The barbed spikes become lodged in your body.
The war gargoyle hits you with a +0 morningstar!
You slip backwards!
The peacekeeper hurls a volley of spikes at you.
The volley of spikes hits you!!
The barbed spikes become lodged in your body.
You take 39 damage, and have 52/163 hp.
MASSIVE DAMAGE!!
MP restored: 31 You hit the war gargoyle.
You burn the war gargoyle.
The war gargoyle is severely damaged.
You feel sick. The war gargoyle completely misses you.
Okay, then.
As you read the scroll of teleportation, it crumbles to dust.
You feel strangely unstable.
You feel sick.
The war gargoyle launches metal splinters at you.
The spray of metal splinters misses you.
The crystal guardian fires a crystalline bolt at you.
The crystal bolt misses you. You block the war gargoyle's attack.
You take 1 damage, and have 51/163 hp.
You feel sick.
The war gargoyle no longer looks unusually strong.
The crystal guardian barely misses you.
The war gargoyle hits you with a +0 morningstar!!
* * * LOW HITPOINT WARNING * * *
You slip backwards!
You take 25 damage, and have 26/163 hp.
You hit the war gargoyle.
You headbutt the war gargoyle, but do no damage.
The war gargoyle is severely damaged.
You feel sick.
The peacekeeper roars a battlecry!
The war gargoyle goes into a battle-frenzy!
The war gargoyle hits you with a +0 morningstar!!
You die...

#.....##...#...#))#
#..#####...#..)#[.#
#..#####...'.))#..#
#..#...#.#.#..)'..#
#..#...'...#...#..#
#...#.#.#[..#..#
#####...'...#..#
#...#...#..#
#...#@9.#..#
#####9#.#..#
#.9.#..# #...#
#.#.# #...# #'###
.... .....#


You could see a crystal guardian (strong), a war gargoyle (strong, catching
breath) and a peacekeeper.

Vanquished Creatures
  Mara (Snake:3)
  A tentacled monstrosity (Shoals:2)
  Mlioglotl (Shoals:1)
  3 liches (D:13)
  3 deep elf blademasters
  2 deep elf master archers (Elf:3)
  3 krakens
  Gastronok (Lair:3)
  Agnes (Elf:1)
  The ghost of Resewedgh the Severer, an adept FoFi of Cheibriados (Snake:3)
  Ilsuiw (Shoals:3)
  Donald (Shoals:1)
  2 vault wardens (Vaults:1)
  3 deep elf sorcerers (Elf:3)
  4 nagarajas (Snake:4)
  2 frost giants (IceCv)
  An orc warlord (Orc:2)
  7 deep elf elementalists (Elf:3)
  A formless jellyfish (Vaults:2)
  4 ironbound thunderhulks
  6 deep elf demonologists (Elf:3)
  Azrael (Snake:3)
  Nessos (Lair:3)
  5 deep elf annihilators (Elf:3)
  A white draconian (IceCv)
  11 dire elephants (Vaults:1)
  13 merfolk impalers
  The ghost of Uhanucoa the Grappler, a journeyman DrSh of Hepliaklqana (D:13)
  2 deep elf high priests (Elf:3)
  12 deep elf death magi
  A yaktaur captain (Vaults:2)
  3 great orbs of eyes
  6 merfolk javelineers
  Harold (D:9)
  An entropy weaver (Vaults:1)
  A salamander tyrant (Snake:4)
  A servant of whispers (Vaults:1)
  An ice dragon (IceCv)
  5 vault guards (D:14)
  Erolcha (Orc:2)
  7 hydras
  An ogre mage (Vaults:1)
  Erica (D:8)
  3 merfolk avatars
  6 centaur warriors
  3 alligator snapping turtles
  4 anacondas
  7 ironbound frosthearts
  3 two-headed ogres
  3 satyrs
  29 dancing weapons
  5 merfolk aquamancers
  17 naga warriors
  4 tengu warriors
  The ghost of AceOff the Blocker, a novice FoFi of Cheibriados (D:13)
  7 boulder beetles
  14 naga sharpshooters
  A deep troll earth mage (D:15)
  5 orc high priests
  28 deep elf knights
  7 shock serpents
  Urug (D:11)
  2 sun demons (Shoals:1)
  Amaemon (D:8)
  12 skeletal warriors
  6 skysharks
  4 salamander mystics
  11 sea snakes
  An orange crystal statue (IceCv)
  22 deep elf archers
  An arcanist (Vaults:2)
  5 naga ritualists
  7 ironbound convokers
  10 lindwurms
  27 deep elf pyromancers
  A necromancer (Vaults:1)
  3 orc knights
  23 harpies
  A tengu zombie (Vaults:1)
  6 mana vipers
  16 manticores
  9 fauns
  19 ugly things
  35 deep elf zephyrmancers
  A tengu skeleton (Vaults:1)
  An oklob plant (Shoals:2)
  5 orc sorcerers
  7 cyclopes
  Maurice (D:13)
  18 salamanders
  10 merfolk sirens
  10 elephants
  16 naga magi
  4 orange demons
  21 black mambas
  7 water nymphs
  4 vault sentinels (Vaults:1)
  An apocalypse crab (Shoals:2)
  A guardian serpent (Snake:3)
  A gargoyle (D:10)
  22 cane toads
  An ice statue (Snake:2)
  3 efreet
  17 yaktaurs
  An unseen horror (D:11)
  20 rime drakes
  11 komodo dragons
  A kobold demonologist (D:12)
  A freezing wraith (D:14)
  A tengu conjurer (D:15)
  8 trolls
  2 tyrant leeches (Lair:5)
  7 wind drakes
  18 polar bears (IceCv)
  A tarantella (shapeshifter) (D:13)
  32 merfolk
  2 saltlings (Vaults:1)
  A wolf spider simulacrum (Lair:4)
  A human simulacrum (Vaults:1)
  2 dream sheep (Shoals:3)
  25 blink frogs
  9 slime creatures
  7 snapping turtles
  3 air elementals
  A slime creature (shapeshifter) (D:10)
  A culicivora (Vaults:1)
  2 shadows (D:10)
  15 water elementals
  2 vampires
  A dire elephant simulacrum (Lair:4)
  3 wraiths
  57 yaks
  8 fire elementals
  7 basilisks
  6 wyverns
  5 humans (D:14)
  A redback (Vaults:1)
  4 steam dragons
  6 vampire mosquitoes
  50 nagas
  6 wargs
  An acid dragon (D:11)
  19 water moccasins
  4 hell hounds (Snake:3)
  A glowing shapeshifter zombie (Vaults:1)
  A hydra simulacrum (Lair:4)
  A meliai simulacrum (D:15)
  33 orc warriors
  6 ogres
  3 black bears
  An ice beast (D:7)
  13 wolves
  A boggart (Vaults:2)
  13 centaurs
  2 phantoms
  6 kobold brigands
  20 bullfrogs
  3 gnoll sergeants
  18 scorpions
  2 earth elementals (Elf:2)
  13 wights
  A hornet simulacrum (D:14)
  A blink frog simulacrum (Lair:4)
  26 killer bees
  An elephant simulacrum (Lair:4)
  5 howler monkeys
  7 electric eels
  A rime drake simulacrum (Lair:4)
  A centaur zombie (Ossuary)
  7 hounds
  2 human zombies
  5 jellies
  21 orc priests
  2 sleepcaps
  40 orc wizards
  3 scorpion zombies (Ossuary)
  3 iguanas
  5 hell rats
  3 mummies (Ossuary)
  8 adders
  27 gnolls
  2 ufetubi (D:6)
  5 dart slugs
  110 orcs
  3 ball pythons
  8 endoplasms
  5 giant cockroaches
  4 gnoll zombies (Ossuary)
  3 goblins
  2 hobgoblins
  4 jackals (D:3)
  A quokka (D:1)
  5 bats
  5 frilled lizards
  A goblin zombie (Ossuary)
  A hobgoblin zombie (Ossuary)
  25 kobolds
  2 kobold zombies (Ossuary)
  2 orc zombies (Ossuary)
  2 rats
  A butterfly (D:4)
  7 tentacles
1503 creatures vanquished.

Vanquished Creatures (others)
  A deep elf death mage (Elf:3)
  A vault guard (D:14)
  A dancing weapon (Elf:1)
  A deep elf knight (Elf:3)
  A naga ritualist (Snake:4)
  2 deep elf pyromancers (Elf:1)
  A manticore (Orc:1)
  A water nymph (Shoals:3)
  A kobold brigand (D:12)
  15 tentacles
25 creatures vanquished.

Grand Total: 1528 creatures vanquished

Notes
Turn   | Place    | Note
-------+----------+-------------------------------------------
     0 | D:1      | Dirtsage the Demonspawn Monk began the quest for the Orb.
     0 | D:1      | Reached XP level 1. HP: 18/18 MP: 1/1
   109 | D:1      | Found a faded altar of an unknown god.
   146 | D:1      | Gained mutation: You regenerate a little health from kills.
                  | [demonic ancestry]
   146 | D:1      | Reached XP level 2. HP: 20/24 MP: 2/2
   932 | D:2      | You fall into a shaft and drop 1 floor!
   995 | D:2      | Gained mutation: You are partially covered in icy blue
                  | scales. (AC +2) [demonic ancestry]
   995 | D:2      | Reached XP level 3. HP: 29/29 MP: 3/3
  1228 | D:3      | Gained mutation: You have a pair of small horns on your
                  | head. [demonic ancestry]
  1228 | D:3      | Reached XP level 4. HP: 25/35 MP: 4/4
  1324 | D:3      | Reached skill level 5 in Long Blades
  1410 | D:3      | Found a faded altar of an unknown god.
  1410 | D:3      | Found the Hermit's Pendant {Faith Invo=14 Evo=0 MP+5}
  1503 | D:3      | Gained mutation: Spells you cast may paralyse adjacent
                  | enemies. [demonic ancestry]
  1503 | D:3      | Reached XP level 5. HP: 41/41 MP: 5/5
  2141 | D:4      | Got the Compendium of Amassed Orogeny
  2160 | D:4      | Found a staircase to the Ecumenical Temple.
  2173 | Temple   | Entered the Ecumenical Temple
  2204 | Temple   | Became a worshipper of the Wu Jian Council
  2204 | Temple   | Reached * piety under Wu Jian
  2204 | Temple   | Reached ** piety under Wu Jian
  2227 | D:4      | Found a burning altar of Makhleb.
  2419 | D:4      | Gained mutation: Spells you cast may paralyse nearby
                  | enemies. [demonic ancestry]
  2419 | D:4      | Reached XP level 6. HP: 37/47 MP: 6/6
  3167 | D:5      | Entered Level 5 of the Dungeon
  3399 | D:5      | Gained mutation: You have a pair of horns on your head.
                  | [demonic ancestry]
  3399 | D:5      | Reached XP level 7. HP: 34/52 MP: 7/7
  3591 | D:5      | Noticed a rust devil
  3591 | D:5      | Noticed a rust devil
  3664 | D:5      | Found a sand-covered staircase.
  3673 | Ossuary  | Entered an ossuary
  3867 | Ossuary  | Gained mutation: Spells you cast and wands you use may
                  | paralyse nearby enemies. [demonic ancestry]
  3867 | Ossuary  | Reached XP level 8. HP: 52/58 MP: 8/8
  4077 | Ossuary  | Reached *** piety under Wu Jian
  4131 | Ossuary  | Reached skill level 10 in Long Blades
  4671 | D:6      | Found a broken altar of Ashenzari.
  5121 | D:6      | Gained mutation: You are mostly covered in icy blue scales.
                  | (AC +3) [demonic ancestry]
  5121 | D:6      | Reached XP level 9. HP: 58/63 MP: 9/9
  5184 | D:6      | Found Suitahuet's Armour Boutique.
  5198 | D:6      | Found a snail-covered altar of Cheibriados.
  6018 | D:7      | Reached **** piety under Wu Jian
  6199 | D:7      | Found Mefuv's Book Shop.
  6350 | D:8      | Found a shimmering blue altar of Sif Muna.
  6387 | D:8      | Found a bloodstained altar of Trog.
  6387 | D:8      | Found a sacrificial altar of Ru.
  6487 | D:8      | Noticed Erica
  6507 | D:8      | Killed Erica
  6508 | D:8      | Reached XP level 10. HP: 68/70 MP: 10/10
  6522 | D:8      | Noticed Amaemon
  6523 | D:8      | Noticed an orange demon
  6550 | D:8      | Killed Amaemon
  6552 | D:8      | Killed an orange demon
  7425 | D:9      | Reached skill level 1 in Armour
  7425 | D:9      | Reached skill level 1 in Shields
  7568 | D:9      | Reached ***** piety under Wu Jian
  7624 | D:9      | Noticed Harold
  7634 | D:9      | Killed Harold
  7635 | D:9      | Reached XP level 11. HP: 62/77 MP: 11/11
  7876 | D:10     | Entered Level 10 of the Dungeon
  7972 | D:10     | Found a sparkling altar of Nemelex Xobeh.
  7972 | D:10     | Found a hide-covered altar of Uskayaw.
  7972 | D:10     | Found a radiant altar of Vehumet.
  8250 | D:10     | Noticed a two-headed ogre
  8256 | D:10     | Killed a two-headed ogre
  8287 | D:10     | Noticed a deep elf pyromancer
  8294 | D:10     | Killed a deep elf pyromancer
  8295 | D:10     | Reached skill level 5 in Fighting
  8439 | D:10     | Noticed a centaur warrior
  8439 | D:10     | Noticed a white ugly thing
  8451 | D:10     | Killed a centaur warrior
  8465 | D:10     | Killed a white ugly thing
  8466 | D:10     | Reached skill level 5 in Dodging
  8589 | D:10     | Identified the +7 trident "Guchaz" {drain, *Noise rCorr
                  | Str+5 Dex+3}
  8700 | D:10     | Noticed a boulder beetle
  8706 | D:10     | a tarantella changed into a deep troll
  8706 | D:10     | Noticed a deep troll (shapeshifter)
  8713 | D:10     | Killed a boulder beetle
  8713 | D:10     | a deep troll changed into a slime creature
  9284 | D:6      | Bought the +3 pair of gauntlets of War {Slay+5} for 617
                  | gold pieces
  9284 | D:6      | Found the +3 pair of gauntlets of War {Slay+5}
  9659 | D:11     | Reached skill level 5 in Shields
  9770 | D:11     | Found a staircase to the Lair.
  9855 | D:11     | Noticed a two-headed ogre
  9862 | D:11     | Killed a two-headed ogre
  9863 | D:11     | Reached XP level 12. HP: 68/89 MP: 12/12
 10145 | D:11     | Reached skill level 5 in Armour
 10264 | D:11     | Noticed Urug
 10272 | D:11     | Killed Urug
 10563 | Lair:1   | Entered Level 1 of the Lair of Beasts
 11424 | Lair:1   | Reached ****** piety under Wu Jian
 11558 | Lair:2   | Found a staircase to the Snake Pit.
 11751 | Lair:2   | Reached XP level 13. HP: 101/101 MP: 13/13
 12316 | Lair:2   | Found a staircase to the Shoals.
 13163 | Lair:3   | Noticed Nessos
 13171 | Lair:3   | Killed Nessos
 13319 | Lair:3   | Noticed Gastronok
 13327 | Lair:3   | Killed Gastronok
 13523 | Lair:3   | Reached skill level 10 in Fighting
 14150 | Lair:4   | Found a transporter.
 14542 | Lair:4   | Found a transporter.
 14952 | Lair:4   | Identified the +6 battleaxe "Vutac" {drain, Drain rN+ Str+5
                  | Int-4}
 15043 | Lair:5   | Entered Level 5 of the Lair of Beasts
 15209 | Lair:5   | Reached XP level 14. HP: 105/113 MP: 14/14
 15252 | Lair:5   | Reached skill level 10 in Shields
 15629 | Lair:5   | Got Lirhet's Papyrus of Transmigration
 15654 | Lair:5   | Learned a level 2 spell: Wereblood
 15799 | Lair:5   | Found a viscous altar of Jiyva.
 15802 | Lair:5   | Found a staircase to the Slime Pits.
 16404 | D:12     | Reached skill level 1 in Air Magic
 16462 | D:12     | Found a flickering gateway to a bazaar.
 16467 | D:12     | Reached skill level 1 in Translocations
 16467 | D:12     | Reached skill level 1 in Transmutations
 16470 | Bazaar   | Entered a bazaar
 16492 | Bazaar   | Found Cidghout's Jewellery Boutique.
 16514 | Bazaar   | Found Cejas's Antique Weapon Emporium.
 16535 | Bazaar   | Found Bamem's Weapon Boutique.
 16555 | Bazaar   | Found Kast's Weapon Shoppe.
 16664 | Bazaar   | Bought the ring of Lugonu's Wrath {Ice rN+ Str+6} for 732
                  | gold pieces
 17112 | D:12     | Found a staircase to the Orcish Mines.
 17140 | Orc:1    | Entered Level 1 of the Orcish Mines
 17154 | Orc:1    | Found Femam's Jewellery Emporium.
 17298 | Orc:1    | Reached skill level 1 in Shapeshifting
 17585 | Orc:1    | Found Resoh's Weapon Shop.
 17616 | Orc:2    | Entered Level 2 of the Orcish Mines
 17616 | Orc:2    | Found a staircase to the Elven Halls.
 17988 | Orc:2    | Noticed Erolcha
 17997 | Orc:2    | Killed Erolcha
 18026 | Orc:2    | Paralysed by an orc sorcerer for 4 turns
 18437 | Orc:2    | Noticed an orc warlord
 18438 | Orc:2    | Reached skill level 15 in Long Blades
 18446 | Orc:2    | Reached XP level 15. HP: 122/122 MP: 15/15
 18472 | Orc:2    | Found Odix's Antique Armour Boutique.
 18476 | Orc:2    | Found Koac's Antique Weapon Shop.
 18639 | Orc:2    | Found Gyikouxt's Antique Armour Shop.
 18826 | Orc:2    | Found Cotuawigg's Weapon Shoppe.
 19347 | D:13     | Noticed Maurice
 19358 | D:13     | Killed Maurice
 19864 | D:13     | Found a runed translucent gate.
 19864 | D:13     | Found a runed translucent gate.
 19864 | D:13     | Found a runed translucent gate.
 19864 | D:13     | Noticed a lich
 19865 | D:13     | Found an ancient bone altar of Kikubaaqudgha.
 19865 | D:13     | Noticed a lich
 19865 | D:13     | Noticed AceOff's ghost (novice FoFi)
 19865 | D:13     | Noticed Uhanucoa's ghost (journeyman DrSh)
 19865 | D:13     | Noticed a lich
 20575 | D:14     | Identified the +1 sling "Hydraslayer" {flame, Int+3}
 20910 | D:14     | Found a shimmering altar of Xom.
 20911 | D:14     | Found a shimmering altar of Xom.
 20911 | D:14     | Found a shimmering altar of Xom.
 20911 | D:14     | Found a shimmering altar of Xom.
 20911 | D:14     | Found a shimmering altar of Xom.
 20913 | D:14     | Found a shimmering altar of Xom.
 20913 | D:14     | Found a shimmering altar of Xom.
 21030 | D:14     | Found a gate to the Vaults.
 21095 | D:15     | Entered Level 15 of the Dungeon
 21938 | D:15     | Found a staircase to the Depths.
 22128 | D:15     | Learned a level 4 spell: Vhi's Electric Charge
 22295 | Snake:1  | Entered Level 1 of the Snake Pit
 22636 | Snake:1  | Found Tosani's Antique Weapon Emporium.
 22636 | Snake:1  | Found Renemium's Book Shoppe.
 22971 | Snake:2  | Reached XP level 16. HP: 126/131 MP: 17/17
 22977 | Snake:2  | Reached skill level 1 in Spellcasting
 23011 | Snake:2  | Found a frozen archway.
 23023 | IceCv    | Entered an ice cave
 23321 | IceCv    | Reached skill level 5 in Translocations
 23332 | IceCv    | Reached skill level 5 in Air Magic
 23336 | IceCv    | Reached skill level 5 in Transmutations
 23528 | IceCv    | Reached skill level 5 in Shapeshifting
 25244 | Snake:3  | Noticed Mara
 25253 | Snake:3  | Noticed Dirtsage's illusion
 25264 | Snake:3  | Killed Mara
 25645 | Snake:3  | Noticed Azrael
 25659 | Snake:3  | Killed Azrael
 25675 | Snake:4  | Entered Level 4 of the Snake Pit
 25704 | Snake:4  | Gained mutation: You have a pair of large horns on your
                  | head. [demonic ancestry]
 25704 | Snake:4  | Reached XP level 17. HP: 63/137 MP: 22/22
 25886 | Snake:4  | Upgraded the game from 0.31-a0-1068-g5939ac1fb6 to
                  | 0.31-a0-1074-g0b22e4e0f1
 25927 | Snake:4  | Got a serpentine rune of Zot
 26819 | Snake:3  | Found a runed translucent door.
 26819 | Snake:3  | Noticed Resewedgh's ghost (adept FoFi)
 27146 | Snake:3  | Killed Resewedgh's ghost
 28177 | Shoals:1 | Entered Level 1 of the Shoals
 28229 | Shoals:1 | Noticed Mlioglotl
 28312 | Shoals:1 | Killed Mlioglotl
 28313 | Shoals:1 | Reached skill level 5 in Spellcasting
 28626 | Shoals:1 | Noticed Donald
 28646 | Shoals:1 | Killed Donald
 29570 | Shoals:2 | Found a bloodstained altar of Trog.
 30064 | Shoals:2 | Identified a scroll of acquirement
 30065 | Shoals:2 | Acquired 1121 gold pieces
 30148 | Shoals:2 | Noticed a kraken
 30151 | Shoals:2 | Reached XP level 18. HP: 137/146 MP: 25/25
 30329 | Shoals:3 | Found Govuygex's Antique Weapon Shoppe.
 30512 | Shoals:2 | Noticed a tentacled monstrosity
 30574 | Shoals:2 | Killed a tentacled monstrosity
 30767 | Shoals:2 | Identified the ring of Bodily Harmony {rC+ Will+}
 30889 | Shoals:2 | Got Satady's Book of Mad Ravings
 31418 | Shoals:3 | Found Favuka's Island Escapes.
 31443 | Shoals:3 | Bought the ring "Lofag" {Fly rF+ Int-2 Dex+2} for 661 gold
                  | pieces
 31443 | Shoals:3 | Bought a scroll of teleportation for 63 gold pieces
 31857 | Shoals:3 | Noticed Ilsuiw
 32145 | Shoals:3 | Killed Ilsuiw
 32919 | Shoals:4 | Entered Level 4 of the Shoals
 33429 | Shoals:4 | Reached skill level 10 in Dodging
 34115 | Shoals:4 | Identified the +3 great sword of Godeck {speed, rC+ Will+
                  | MP+9}
 34146 | Shoals:4 | Got A Tutorial on Willworking
 34161 | Shoals:4 | Got a barnacled rune of Zot
 34556 | D:13     | Killed AceOff's ghost
 34556 | D:13     | Killed Uhanucoa's ghost
 34558 | D:13     | Killed a lich
 34559 | D:13     | Killed a lich
 34562 | D:13     | Killed a lich
 34604 | D:13     | Identified the amulet of the Ego {Faith rPois Str+4}
 34613 | D:13     | Identified the +0 cloak of the Eleven Thickets {rF+ Int+9
                  | Dex-2 Stlth+}
 34623 | D:13     | Identified the staff of Juiq Pou {rC+ Str+2 Ice}
 34769 | Orc:2    | Bought a steaming ring mail for 387 gold pieces
 34769 | Orc:2    | Identified the +1 ring mail of Least Resistance {rElec
                  | rPois rC+} (You bought it in a shop on level 2 of the
                  | Orcish Mines)
 34851 | Elf:1    | Entered Level 1 of the Elven Halls
 34876 | Elf:1    | Found the +2 pair of slick slippers {slick, slippery, EV+4}
 34890 | Elf:1    | Reached XP level 19. HP: 153/153 MP: 28/28
 35170 | Elf:1    | Paralysed by an air elemental for 1 turns
 35217 | Elf:1    | Noticed Agnes
 35226 | Elf:1    | Killed Agnes
 36008 | Elf:2    | Paralysed by an air elemental for 1 turns
 36013 | Elf:2    | Paralysed by an air elemental for 1 turns
 36041 | Elf:2    | Paralysed by an air elemental for 1 turns
 36450 | Elf:2    | Found Relo's Armour Shoppe.
 36652 | Elf:2    | Found a runed translucent gate.
 36652 | Elf:2    | Found a runed translucent gate.
 36653 | Elf:2    | Found a runed translucent gate.
 38314 | Elf:3    | Entered Level 3 of the Elven Halls
 38314 | Elf:3    | Found Quvec's Antique Armour Boutique.
 38392 | Elf:3    | Noticed a Brimstone Fiend
 38410 | Elf:3    | Reached skill level 10 in Transmutations
 38410 | Elf:3    | Gained mutation: You are completely covered in icy blue
                  | scales. (AC +4, rC+) [demonic ancestry]
 38410 | Elf:3    | Reached XP level 20. HP: 110/161 MP: 31/31
 38414 | Elf:3    | Reached skill level 15 in Fighting
 38421 | Elf:3    | Reached skill level 10 in Air Magic
 38433 | Elf:3    | Reached skill level 10 in Translocations
 38468 | Abyss:3  | Cast into level 3 of the Abyss (a deep elf demonologist)
 38470 | Abyss:3  | Found a corrupted altar of Lugonu.
 38488 | Elf:3    | Escaped the Abyss
 38532 | Elf:3    | Identified the +0 chain mail of Carved Mirth {rN+ Dex+2}
 38543 | Elf:3    | Got the Directory of Summoning and Toxicants
 38669 | Elf:3    | Found Dyotz's Assorted Antiques.
 38674 | Elf:3    | Found Jiywnula's Jewellery Shoppe.
 38706 | Elf:3    | Bought a scroll of teleportation for 84 gold pieces
 38706 | Elf:3    | Bought a scroll of teleportation for 84 gold pieces
 38706 | Elf:3    | Bought a clear potion for 25 gold pieces
 38733 | Elf:3    | Found Asiah's Magic Scroll Shop.
 38736 | Elf:3    | Bought a scroll of acquirement for 728 gold pieces
 38736 | Elf:3    | Acquired the +1 pair of gloves of Weirdness {rElec rC+
                  | SInv}
 38737 | Elf:3    | Bought a scroll of fear for 56 gold pieces
 38850 | Elf:3    | Identified the +6 spear of Zohel {holy, rPois rF- rC+++
                  | Stlth+}
 38858 | Elf:3    | Identified the +1 battleaxe of the Five Violins {flame,
                  | rPois rF++}
 38858 | Elf:3    | Identified the staff "Sylyor" {rElec rC+ Str-3 SInv Stlth+
                  | Ice}
 38890 | Elf:3    | Identified the +4 barding of Esoakobb {Harm Dex+2}
 38942 | Elf:3    | Identified the +6 plate armour of the Baku {rC+ rN+ Will+}
 39477 | Vaults:1 | Entered Level 1 of the Vaults
 39497 | Vaults:1 | Reached skill level 10 in Shapeshifting
 40007 | Vaults:1 | HP: 7/162 [dire elephant (24)]
 41820 | Vaults:2 | Paralysed by a formless jellyfish for 1 turns
 41830 | Vaults:2 | Slain by a war gargoyle

Illustrated notes

Levels and vault maps discovered:
D:1:      dpeg_arrival_stone_temple_mockup, layout_basic,
          dreamdust_ecumenical_altar_statues, nicolae_eternal_life
D:2:      layout_rooms, wad_floor_pattern_untrapped
D:3:      layout_loops_ring, hellmonk_guarded_unrand_hermit
D:4:      layout_basic, mainiacjoe_overflow_boulevard,
          minmay_temple_entry_butterflies, grunt_decor_junction
D:5:      cheibrodos_iron_armory, layout_basic, enter_ossuary_1,
          amcnicky_mini_pool_medium
D:6:      layout_basic, mainiacjoe_overflow_alcove_2, lemuel_round_altar,
          minmay_tree_intersection, kennysheep_windowed_goal
D:7:      layout_rooms, serial_shops, nicolae_shop_tiny_real_fake_doors
D:8:      layout_rooms, mainiacjoe_overflow_tiny_flanked,
          mainiacjoe_overflow_divided_tiny, minmay_increasing_density,
          uniq_amaemon, uniq_erica
D:9:      layout_long_grid, dk_noncrumbling_4, nicolae_the_louvre, uniq_harold
D:10:     layout_small_grid, chequers_temple_overflow_statue_of_worship,
          minmay_shattered_shrine
D:11:     layout_basic, erik_lair_island, uniq_urug
D:12:     layout_basic, orc_0_dummy, serial_shops, bzr_entry_safe
D:13:     layout_cave_pools, gammafunk_ghost_crypt, uniq_maurice
D:14:     layout_rooms, ximxim_vaults_locker_room, hex_intersection,
          xom_shifter_show
D:15:     hellmonk_depths_entry_around_the_bend, layout_basic,
          nicolae_benzene_ring
Temple:   nicolae_temple_figure_eight
Lair:1:   layout_chaotic_city
Lair:2:   layout_cave_pods, minmay_shoals_entry_hut,
          minmay_snake_entry_guardpost_small, st_stairs_6
Lair:3:   layout_chaotic_city, minmay_hedge_maze, grunt_megastairs_1,
          infiniplex_staircase_pool, uniq_gastronok, uniq_nessos
Lair:4:   gammafunk_cloud_chamber, layout_regular_city
Lair:5:   minmay_lair_end_frog_pond, layout_loops_ring,
          minmay_slime_entry_pillars
Shoals:1: layout_shoals, nicolae_shoals_sun_and_surf, uniq_donald,
          uniq_mlioglotl
Shoals:2: dreamdust_from_the_deep, layout_shoals, lemuel_oklob_altar
Shoals:3: layout_shoals, nicolae_stop_n_shop_2, nicolae_island_escapes,
          uniq_ilsuiw
Shoals:4: shoals_end_simple, layout_shoals
Snake:1:  layout_onion_interference, minmay_shoptagon, serial_bayou_shore_b,
          lemuel_fruit_tree
Snake:2:  layout_grid_maze, portal_ice_cave_entry_ice_statue_one
Snake:3:  layout_chambers, hellmonk_ghost_happy_afterlife,
          nicolae_snake_gridmaze_entwining, uniq_azrael, uniq_mara
Snake:4:  snake_pit, layout_misc_corridors, grunt_megastairs_5
Orc:1:    layout_caves, serial_shops, shop, nicolae_shop_real_fake_doors,
          einodemon_barbed_minivault
Orc:2:    grunt_orc_community_town_hall, layout_caves,
          grunt_orc_community_big_house_2, grunt_orc_community_big_house_2,
          grunt_orc_community_house_3, grunt_orc_community_house_1,
          grunt_orc_community_house_2, grunt_orc_community_house_3,
          grunt_orc_community_house_2, grunt_orc_community_house_3, uniq_erolcha
Elf:1:    layout_loops_corners, minivault_28, st_stairs_6,
          roderic_lattice_octagonal_star, uniq_agnes
Elf:2:    elven_hall_of_blades_hangedman_original [nicolae_blade_lattice],
          layout_onion_city, serial_shops, nicolae_shop_mannequins
Elf:3:    grunt_elf_hall_diamonds, layout_geoelf_grid, serial_shops,
          nicolae_shop_dealshenge, nicolae_diamond_shop,
          nicolae_shop_tiny_glass, nicolae_shop_rolled_up
Vaults:1: portal_desolation_entry_nicolae_nacl, v_alt_pattern_5,
          nicolae_vaults_storage_room_water, kennysheep_ogre_elephant_herders,
          nicolae_vaults_rhombus_5, nicolae_vaults_six-pack, v_misc_5,
          nicolae_vaults_storage_room_statues, layout_vaults_omnigrid
Vaults:2: nicolae_vaults_storage_closets_1, hangedman_vaults_capsules,
          v_misc_28, nicolae_vaults_you_can_take_it_with_you,
          hangedman_vaults_hat, minmay_crypt_entry_simple_corners,
          vaults_mumra_hex, nicolae_vaults_three_branches, vaults_dpeg_hooks,
          nicolae_vaults_trapezoid_lopsided_3, vaults_dpeg_emergency_exit,
          nicolae_vaults_little_squares_5, layout_vaults_omnibox

Skill      XL: |  1  2  3  4  5  6  7  8  9 10 11 12 13 14 15 16 17 18 19 20 |
---------------+-------------------------------------------------------------+-----
Long Blades    | 3 4 5 6 7 9 11 13 14 15 | 15.9
Dodging        | 3 5 7 8 9 10 11 | 11.3
Armour         | 2 4 6 7 8 9 |  9.0
Shields        | 2 5 7 9 11 12 13 14 | 14.6
Fighting       | 4 6 9 11 12 13 14 15 | 15.4
Air Magic      | 2 4 6 8 9 10 | 10.5
Translocations | 2 4 6 8 9 10 | 10.5
Transmutations | 2 4 6 8 9 10 | 10.0
Shapeshifting  | 2 4 5 6 8 9 10 | 10.5
Spellcasting   | 3 5 6 7 |  7.8

Action                     |  1- 3 |  4- 6 |  7- 9 | 10-12 | 13-15 | 16-18 | 19-21 || total
---------------------------+-------+-------+-------+-------+-------+-------+-------++-------
  Melee: Falchion          |    75 |   124 |   386 |       |       |       |       ||   585
         Headbutt          |       |    33 |   130 |   146 |   378 |   419 |   374 ||  1480
         Scimitar          |       |       |    84 |   635 |  1612 |  1544 |  1322 ||  5197
         Unarmed           |       |       |       |       |       |    29 |       ||    29
  Throw: Dart              |       |       |       |     4 |     2 |       |       ||     6
   Cast: Vhi's Electric Ch |       |       |       |       |       |       |     8 ||     8
         Wereblood         |       |       |       |       |       |       |     5 ||     5
 Invoke: Serpent's Lash    |       |       |       |     1 |     4 |     4 |     2 ||    11
         Heavenly Storm    |       |       |       |       |     2 |     7 |     2 ||    11
Ability: Lunge             |       |    12 |    26 |    59 |   141 |   161 |    96 ||   495
         Whirlwind         |       |     2 |   164 |   251 |   650 |   657 |   505 ||  2229
  Evoke: Wand              |       |     1 |     1 |    10 |     6 |     2 |       ||    20
         Phantom mirror    |       |       |       |       |       |     2 |       ||     2
         Lightning rod     |       |       |       |       |       |     7 |       ||     7
    Use: Scroll            |     2 |     1 |     4 |     3 |    10 |    10 |     6 ||    36
         Potion            |       |       |       |     2 |     2 |     6 |     1 ||    11
   Stab: Invisible         |       |       |     4 |     5 |     1 |       |       ||    10
         Distracted        |       |       |       |       |       |     1 |       ||     1
         Held in net/web   |       |       |       |       |       |     2 |       ||     2
         Paralysed         |       |       |       |       |       |       |     4 ||     4
 Armour: Robe              |     8 |       |       |       |       |       |       ||     8
         Ring mail         |    32 |    62 |   245 |    71 |       |    62 |   224 ||   696
         Scale mail        |       |       |       |   211 |   487 |   470 |   161 ||  1329
         Skin              |       |       |       |       |       |    30 |       ||    30
  Dodge: Dodged            |    43 |    57 |   166 |   187 |   296 |   533 |   330 ||  1612
         Repelled          |       |       |       |       |     5 |    28 |       ||    33
  Block: Kite shield       |       |       |       |   171 |   902 |   842 |   729 ||  2644
         Reflection        |       |       |       |    11 |    50 |   137 |    79 ||   277
         Other             |       |       |       |     1 |       |       |       ||     1
         Tower shield      |       |       |       |       |       |   391 |       ||   391

Table legend: (Time is in decaauts)
 A = Elapsed time spent in this place.
 B = Non-inter-level travel time spent in this place.
 C = Inter-level travel time spent in this place.
 D = Time resting spent in this place.
 E = Time spent auto-exploring this place.
 F = Levels seen in this place.
 G = Mean time per level.
                   A        B        C        D        E       F      G
               +--------+--------+--------+--------+--------+-----+--------+
         Total |  41592 |  39046 |   2546 |   1027 |  29290 |  40 | 1039.8 |
       Dungeon |  14077 |  12996 |   1081 |    351 |  10089 |  15 |  938.5 |
        Temple |     51 |     32 |     19 |      0 |      0 |   1 |   51.0 |
          Lair |   6017 |   5450 |    567 |      0 |   4202 |   5 | 1203.4 |
        Shoals |   6299 |   6096 |    203 |    419 |   4571 |   4 | 1574.8 |
     Snake Pit |   4561 |   4353 |    208 |      0 |   3419 |   4 | 1140.2 |
  Orcish Mines |   2016 |   1801 |    215 |      0 |   1226 |   2 | 1008.0 |
   Elven Halls |   4445 |   4274 |    171 |    257 |   2944 |   3 | 1481.7 |
        Vaults |   2301 |   2223 |     78 |      0 |   1716 |   2 | 1150.5 |
         Abyss |     19 |     19 |      0 |      0 |      0 |   1 |   19.0 |
        Bazaar |    206 |    206 |      0 |      0 |    102 |   1 |  206.0 |
       Ossuary |    503 |    503 |      0 |      0 |    283 |   1 |  503.0 |
      Ice Cave |   1091 |   1091 |      0 |      0 |    737 |   1 | 1091.0 |
               +--------+--------+--------+--------+--------+-----+--------+

Top non-repeatable levels by time:
   Elf:2: 2056 daAuts
 Snake:3: 2021 daAuts
Shoals:2: 2014 daAuts
Vaults:1: 2011 daAuts
  Lair:2: 1651 daAuts
Shoals:3: 1617 daAuts
   Elf:1: 1465 daAuts
    D:10: 1427 daAuts
Shoals:4: 1372 daAuts
   Orc:2: 1351 daAuts
Shoals:1: 1294 daAuts
  Lair:4: 1240 daAuts
    D:11: 1191 daAuts
    D:13: 1187 daAuts
 Snake:2: 1162 daAuts
